 Dungeon Crawl Stone Soup version 0.30-a0-223-gcb0039aa0c (webtiles) character file.

Game seed: 4394456016251033085

1005 greasedhog the Cudgeller (level 8, -10/49 HPs)
             Began as a Gargoyle Chaos Knight on Oct 9, 2022.
             Was a Plaything of Xom.
             Mangled by an orc warrior
             ... wielding a +0 flail
              (12 damage)
             ... on level 6 of the Dungeon.
             The game lasted 00:06:56 (4451 turns).

greasedhog the Cudgeller (Gargoyle Chaos Knight)    Turns: 4451, Time: 00:06:57

Health: -10/49     AC: 16    Str: 18    XL:     8   Next: 20%
Magic:  2/2        EV:  9    Int: 11    God:    Xom [..*...]
Gold:   329        SH:  0    Dex: 15    Spells: 7/7 levels left

rFire   . . .      SeeInvis .    g - +2 flail (antimagic)
rCold   + . .      Faith    .    (no shield)
rNeg    + . .      Spirit   .    f - +0 chain mail
rPois   ∞          Reflect  .    t - +0 helmet
rElec   +          Harm     .    (no cloak)
rCorr   .          Rampage  .    (no gloves)
Will    .....                    (no boots)
Stlth   ..........               e - amulet of the acrobat
HPRegen 0.28/turn                d - ring of protection from cold
MPRegen 0.08/turn                b - +6 ring of dexterity

@: unable to read
A: sickness immunity, AC +5, negative energy resistance 1, electricity
resistance, torment resistance 1, petrification resistance, dopey 1, inability
to read after injury 1
a: Renounce Religion


You were on level 6 of the Dungeon.
You worshipped Xom.
You were a toy of Xom.
You visited 2 branches of the dungeon, and saw 7 of its levels.

You collected 329 gold pieces.

Inventory:

Hand Weapons
 a - a +0 mace of chaos
 g - a +2 antimagic flail (weapon)
Missiles
 q - a throwing net
Armour
 f - a +0 chain mail (worn)
 t - a +0 helmet (worn)
Jewellery
 b - a +6 ring of dexterity (right hand)
 d - a ring of protection from cold (left hand)
 e - an amulet of the acrobat (around neck)
 j - a +4 ring of evasion
 p - a ring of magical power
Scrolls
 k - a scroll of identify
 r - a scroll of teleportation
 s - a scroll of immolation
Potions
 h - a potion of magic
 i - a potion of attraction
 m - a potion of brilliance
 o - a potion of cancellation {unknown}
Miscellaneous
 c - a piece from Xom's chessboard (8/15) (quivered)


   Skills:
 - Level 5.0 Fighting
 * Level 6.1 Maces & Flails
 * Level 4.8 Armour
 * Level 4.3 Dodging


You had 7 spell levels left.
You didn't know any spells.
Your spell library contained the following spells:

 Spells                   Type           Power      Damage    Failure   Level
 Freeze                   Ice            0%         1d3       99%         1
 Frozen Ramparts          Ice            0%         1d1       100%        3
 Hailstorm                Conj/Ice       0%         3d3       100%        3
 Ignite Poison            Fire/Tmut/Pois 0%         N/A       100%        3
 Sticky Flame             Conj/Fire      0%         2d3       100%        4
 Yara's Violent Unravell  Hex/Tmut       0%         3d3       100%        5
 Enfeeble                 Hex            0%         N/A       100%        7
 Ignition                 Fire           0%         3d3       100%        8


Dungeon Overview and Level Annotations

Branches:
Dungeon (6/15)             Temple (1/1) D:5

Altars:
Ashenzari
Cheibriados
Elyvilon
Fedhas
Gozag
Kikubaaqudgha
Qazlal
Ru
Sif Muna
Trog
Uskayaw
Wu Jian
Xom
Yredelemnul
Zin
The Shining One

Shops:
D:5 =

Annotations:
D:3 3 runed translucent doors, KennySheep's ghost, amateur OgHW


Innate Abilities, Weirdness & Mutations

You are immune to sickness and miasma.
Your stone body is resilient. (AC +5)
You are immune to poison.
You resist negative energy. (rN+)
You are resistant to electric shocks. (rElec)
You are resistant to unholy torment.
You are immune to petrification.
You are dopey. (Int -2)
You occasionally lose the ability to read scrolls when taking damage.


Message History

The orc warrior resists with some effort.
The orc warrior closely misses you.
You make a move on Xom's chessboard...
The orc warrior resists with significant effort.
The orc warrior hits you but does no damage.
You make a move on Xom's chessboard...
The orc suddenly stops moving!
The orc warrior closely misses you.
You make a move on Xom's chessboard...
The orc twists and deforms.
The orc warrior barely misses you.
You make a move on Xom's chessboard...
The orc warrior seems to grow stronger.
The orc warrior hits you with a +0 flail!
You make a move on Xom's chessboard...
The orc warrior resists with some effort.
The orc warrior hits you with a +0 flail!
You feel threatened and lose the ability to read scrolls!
Xom is interested.
You make a move on Xom's chessboard...
Nothing appears to happen.
You can read scrolls again.
The orc warrior hits you with a +0 flail!
You feel threatened and lose the ability to read scrolls!
* * * LOW HITPOINT WARNING * * *
It was a potion of curing.
You feel better.
Xom thinks this is hilarious!
You can read scrolls again.
The orc warrior hits you but does no damage.
You hit the orc warrior.
The orc warrior is moderately wounded.
The orc warrior hits you with a +0 flail.
* * * LOW HITPOINT WARNING * * *
You closely miss the orc warrior.
The orc warrior is moderately wounded.
The orc warrior barely misses you.
You closely miss the orc warrior.
The orc warrior is moderately wounded.
The orc warrior hits you with a +0 flail!
You feel threatened and lose the ability to read scrolls!
* * * LOW HITPOINT WARNING * * *
The orc warrior hits you with a +0 flail!
You die...
Xom snickers!

....###...### ###.....#
....# #....# #..<..# #####
####.# #.....# #.# #.....##
#########.# #......#
#......##.# #o..#.###
#.......#.##### #.......#
##.##.>........####o......#
......#..#####..@o{o......#
##.......#...#.####o........
#.#####.#.....# #.......#.
#.......#...#.# #.......#
#######.##.##.# #.......#
#.......# ##.######
####.#### #.# #......# .#
##......#


You could see an orc warrior (strong) and 3 orcs.

Vanquished Creatures
  Edmund (D:4)
  2 sky beasts (D:6)
  A bullfrog (D:5)
  2 scorpions (D:5)
  A howler monkey (D:4)
  2 hounds (D:5)
  3 orc priests (D:6)
  A jelly (D:6)
  2 iguanas (D:5)
  An orc wizard (D:5)
  4 gnolls
  6 adders
  An ufetubus (D:5)
  5 dart slugs
  A worm (D:3)
  14 orcs
  8 ball pythons
  7 bats
  10 endoplasms
  3 giant cockroaches
  6 goblins
  4 hobgoblins
  6 jackals (D:1)
  5 quokkas
  2 frilled lizards
  2 kobolds
  3 rats
103 creatures vanquished.

Vanquished Creatures (others)
  An iguana (D:5)
1 creature vanquished.

Grand Total: 104 creatures vanquished

Notes
Turn   | Place    | Note
-------+----------+-------------------------------------------
     0 | D:1      | greasedhog the Gargoyle Chaos Knight began the quest for
                  | the Orb.
     0 | D:1      | Reached XP level 1. HP: 14/14 MP: 1/1
    50 | D:1      | XOM: smoke on damage
    69 | D:1      | Reached skill level 1 in Dodging
    71 | D:1      | Reached XP level 2. HP: 15/19 MP: 2/2
   166 | D:1      | Found a faded altar of an unknown god.
   223 | D:1      | Reached XP level 3. HP: 24/24 MP: 3/3
   648 | D:2      | Found a shimmering altar of Xom.
  1194 | D:3      | Reached XP level 4. HP: 27/29 MP: 4/4
  1225 | D:3      | Noticed KennySheep's ghost (amateur OgHW)
  1236 | D:3      | XOM: divination: magic mapping
  1413 | D:3      | Found a blossoming altar of Fedhas.
  1606 | D:3      | Found a runed translucent gate.
  1607 | D:3      | Found a runed translucent gate.
  1608 | D:3      | Found a runed translucent gate.
  1659 | D:3      | XOM: divination: detect items
  1681 | D:4      | Noticed Edmund
  1892 | D:4      | XOM: butterfly on damage
  1895 | D:4      | XOM: potion effect (brilliance)
  2152 | D:4      | XOM: blink monster(s)
  2167 | D:4      | Killed Edmund
  2168 | D:4      | Reached skill level 4 in Maces & Flails
  2168 | D:4      | Reached XP level 5. HP: 34/34 MP: 5/5
  2183 | D:4      | XOM: scenery: summon butterflies
  2186 | D:4      | Reached skill level 5 in Fighting
  2186 | D:4      | Reached XP level 6. HP: 40/40 MP: 2/6
  2794 | D:5      | Entered Level 5 of the Dungeon
  2794 | D:5      | Found a staircase to the Ecumenical Temple.
  2804 | Temple   | Entered the Ecumenical Temple
  2811 | D:5      | XOM: blink monster(s)
  2870 | D:5      | XOM: 1-stop teleportation journey
  2957 | D:5      | XOM: swap monsters
  2970 | D:5      | Reached skill level 5 in Maces & Flails
  2970 | D:5      | Reached XP level 7. HP: 40/44 MP: 2/7
  3249 | D:5      | XOM: give mutations
  3249 | D:5      | Gained mutation: You occasionally lose the ability to read
                  | scrolls when taking damage. [Xom's mischief]
  3249 | D:5      | Gained mutation: You are dopey. (Int -2) [Xom's mischief]
  3249 | D:5      | Lost mutation: You are dopey. (Int -2) [Xom's mischief]
  3249 | D:5      | Gained mutation: You are dopey. (Int -2) [Xom's mischief]
  3255 | D:5      | XOM: smoke on damage
  3424 | D:5      | XOM: enchant monster (bad)
  3593 | D:5      | Found Naho's Jewellery Boutique.
  3645 | D:5      | XOM: enchant monster (bad)
  3646 | D:5      | XOM: confusion (+ monsters)
  3659 | D:5      | XOM: fake destruction
  3967 | D:6      | Reached XP level 8. HP: 42/49 MP: 2/8
  4006 | D:6      | Reached skill level 6 in Maces & Flails
  4196 | D:6      | XOM: noise
  4211 | D:6      | XOM: 2-stop teleportation journey
  4451 | D:6      | HP: 2/49 [orc warrior/+0 flail (9)]
  4451 | D:6      | Mangled by an orc warrior

Illustrated notes

Levels and vault maps discovered:
D:1:      lemuel_arrival_broad_hall, layout_rooms, ebering_ecumenical_altar_webs
D:2:      layout_basic, basic_altar
D:3:      layout_rooms, mainiacjoe_overflow_catwalk, gammafunk_ghost_split,
          minmay_misc_feat_cross
D:4:      layout_basic, uniq_edmund
D:5:      layout_loops_cross, minmay_temple_entry_mist, serial_shops,
          kennysheep_little_box, grunt_decor_clamped
D:6:      layout_loops_cross
Temple:   nicolae_temple_no_exploring_needed

Skill      XL: |  1  2  3  4  5  6  7  8 |
---------------+-------------------------+-----
Dodging        | 1 2 3 4 |  4.3
Fighting       | 4 5 |  5.0
Maces & Flails | 4 5 6 |  6.1
Armour         | 3 4 |  4.8

Action                   |  1- 3 |  4- 6 |  7- 9 || total
-------------------------+-------+-------+-------++-------
Melee: Mace              |   110 |    63 |       ||   173
       Flail             |       |    42 |   153 ||   195
       Punch             |       |       |     5 ||     5
Evoke: Piece from Xom's  |       |     3 |     7 ||    10
  Use: Scroll            |       |     2 |     5 ||     7
       Potion            |       |     2 |     2 ||     4
 Stab: Paralysed         |       |     9 |       ||     9
       Fleeing           |       |     1 |       ||     1
       Confused          |       |       |     2 ||     2
Armor: Leather armour    |    15 |       |       ||    15
       Chain mail        |    62 |    58 |   118 ||   238
Dodge: Dodged            |    96 |    57 |    86 ||   239

Table legend: (Time is in decaauts)
 A = Elapsed time spent in this place.
 B = Non-inter-level travel time spent in this place.
 C = Inter-level travel time spent in this place.
 D = Time resting spent in this place.
 E = Time spent auto-exploring this place.
 F = Levels seen in this place.
 G = Mean time per level.
                   A        B        C        D        E       F      G
               +--------+--------+--------+--------+--------+-----+--------+
         Total |   4522 |   4440 |     82 |    468 |   2996 |   7 |  646.0 |
       Dungeon |   4520 |   4438 |     82 |    468 |   2996 |   6 |  753.3 |
        Temple |      1 |      1 |      0 |      0 |      0 |   1 |    1.0 |
               +--------+--------+--------+--------+--------+-----+--------+

Top non-repeatable levels by time:
     D:5: 1033 daAuts
     D:4: 1016 daAuts
     D:3: 723 daAuts
     D:2: 681 daAuts
     D:6: 551 daAuts
     D:1: 513 daAuts
  Temple: 1 daAuts
